 Dungeon Crawl Stone Soup version 0.30.0-10-gfe55d96785 (webtiles) character file.

Game seed: 2360805379493076872

200 Jase the Chopper (level 5, 0/45 HPs)
             Began as a Hill Orc Fighter on May 14, 2023.
             Slain by an orc
             ... wielding a +0 trident
              (3 damage)
             ... on level 3 of the Dungeon.
             The game lasted 00:04:36 (1889 turns).

Jase the Chopper (Hill Orc Fighter)                 Turns: 1889, Time: 00:04:37

Health: 0/45       AC:  6    Str: 21    XL:     5   Next: 79%
Magic:  5/5        EV:  9    Int:  8    God:
Gold:   75         SH:  4    Dex: 10    Spells: 4/4 levels left

rFire   . . .        a - +0 war axe
rCold   . . .        c - +0 buckler
rNeg    . . .        b - +0 scale mail
rPois   .            (no helmet)
rElec   .            (no cloak)
rCorr   .            (no gloves)
SInv    .            (no boots)
Will    .....        (no amulet) Stlth
                     (no ring)
HPRegen 0.27/turn    (no ring)
MPRegen 0.09/turn

%: no passive effects
@: no status effects
A: no striking features
a: Convert to Beogh


You were on level 3 of the Dungeon.
You visited 1 branch of the dungeon, and saw 3 of its levels.

You collected 75 gold pieces.

Inventory:

Hand Weapons
 a - a +0 war axe (weapon)
Missiles
 l - 2 throwing nets (quivered)
Armour
 b - a +0 scale mail (worn)
 c - a +0 buckler (worn)
Jewellery
 i - a ring of fire
Scrolls
 f - a scroll of magic mapping {unknown}
 g - a scroll of immolation {unknown}
 j - a scroll of silence {unknown}
 k - a scroll of amnesia {unknown}
 m - 3 scrolls of identify {unknown}
 n - a scroll of fog {unknown}
Potions
 d - a potion of might
 e - 2 potions of haste {unknown}
 h - a potion of ambrosia {unknown}
 o - a potion of curing {unknown}


   Skills:
 - Level 3.6 Fighting
 * Level 7.7 Axes
 - Level 3.2 Armour
 - Level 3.2 Shields


You had 4 spell levels left.
You didn't know any spells.
Your spell library contained the following spells:

 Spells                   Type           Power      Damage    Failure   Level
 Apportation              Tloc           0%         N/A       82%         1
 Alistair's Intoxication  Tmut/Pois      0%         N/A       100%        5


Dungeon Overview and Level Annotations

Branches:
Dungeon (3/15)

Altars:


Message History

The orc is almost dead.
You closely miss the orc priest. You hit the ball python.
You kill the ball python!
You block the orc's attack.
The orc priest invokes the aid of Beogh against you.
Beogh smites you! The orc hits you but does no damage.
You hit the orc but do no damage.
The orc is almost dead.
You barely miss the orc priest.
The orc priest hits you but does no damage.
The orc hits you from afar with a +0 trident.
You block the orc's attack.
Unknown command.
You are too injured to fight recklessly!
Unknown command.
You are too injured to fight recklessly!
Unknown command.
You are too injured to fight recklessly!
Unknown command.
You barely miss the orc priest.
The orc priest is lightly wounded.
You closely miss the orc. The orc hits you but does no damage.
The orc priest closely misses you. The orc closely misses you.
Unknown command.
You barely miss the orc priest.
The orc priest is lightly wounded.
You hit the orc.
You kill the orc!
The orc priest mumbles some strange prayers to Beogh against you.
Pain shoots through your body!
The orc hits you from afar with a +0 trident.
* * * LOW HITPOINT WARNING * * *
You barely miss the orc priest.
The orc priest is lightly wounded.
The orc priest invokes the aid of Beogh against you.
Beogh smites you!
* * * LOW HITPOINT WARNING * * *
You block the orc's attack.
The orc hits you from afar with a +0 trident.
You die...

##.# # #...
.##
#..####..#
##........#
........
..####o....
#.....)o.#
#@# #.# #.#
#.# #.#
#.##### ##
#.....#


.PP #..#### .... #..# You could see an orc priest and an orc.

Vanquished Creatures
  Natasha (thrice) (D:2)
  Robin (D:2)
  3 adders (D:2)
  2 worms (D:2)
  5 dart slugs (D:1)
  An orc (D:3)
  5 bats
  4 endoplasms
  A giant cockroach (D:2)
  12 goblins
  8 hobgoblins
  7 kobolds
  3 quokkas (D:2)
  11 ball pythons
  5 frilled lizards
  3 rats
74 creatures vanquished.

Notes
Turn   | Place    | Note
-------+----------+-------------------------------------------
     0 | D:1      | Jase the Hill Orc Fighter began the quest for the Orb.
     0 | D:1      | Reached XP level 1. HP: 19/19 MP: 1/1
    71 | D:1      | Reached skill level 3 in Axes
   151 | D:1      | Reached XP level 2. HP: 22/26 MP: 2/2
   287 | D:1      | Reached skill level 4 in Axes
   436 | D:1      | Reached XP level 3. HP: 31/31 MP: 3/3
   564 | D:1      | Reached skill level 5 in Axes
   873 | D:2      | Noticed Robin
   882 | D:2      | Reached XP level 4. HP: 39/39 MP: 4/4
   891 | D:2      | Killed Robin
  1002 | D:2      | Reached skill level 6 in Axes
  1222 | D:2      | Identified the +2 robe "Xufuwog" {Fly rC+}
  1223 | D:2      | Noticed Natasha
  1229 | D:2      | Killed Natasha
  1230 | D:2      | Reached XP level 5. HP: 34/45 MP: 5/5
  1359 | D:2      | Reached skill level 7 in Axes
  1528 | D:2      | Noticed Natasha
  1539 | D:2      | Killed Natasha
  1723 | D:2      | Noticed Natasha
  1732 | D:2      | Killed Natasha
  1889 | D:3      | Slain by an orc

Illustrated notes

Levels and vault maps discovered:
D:1:      lightli_arrival_chessboard, layout_basic, roderic_lattice_a
D:2:      layout_loops_ring, uniq_robin, uniq_natasha
D:3:      layout_loops_corners, trog_wizard, serial_aquarium,
          aquarium_bridge_straight [aquarium_subvault_bridge,
          aquarium_subvault_window, aquarium_subvault_bridge,
          aquarium_subvault_window], aquarium_bridge_straight
          [aquarium_subvault_bridge, aquarium_subvault_window,
          aquarium_subvault_bridge, aquarium_subvault_window],
          aquarium_window_3, aquarium_window_2, aquarium_window_1,
          aquarium_window_fake, aquarium_view_2c, aquarium_view_2f,
          hangedman_decor_push

Skill      XL: |  1  2  3  4  5 |
---------------+----------------+-----
Axes           | 3 4 5 6 7 |  7.7
Fighting       | |  3.6
Armour         | |  3.2
Shields        | |  3.2

Action                     |  1- 3 |  4- 6 || total
---------------------------+-------+-------++-------
  Melee: War axe           |    94 |    96 ||   190
 Armour: Scale mail        |    50 |    42 ||    92
  Dodge: Dodged            |    44 |    41 ||    85
  Block: Buckler           |    12 |    21 ||    33
